 Dungeon Crawl Stone Soup version 0.31.0-9-g3a7656b989 (webtiles) character file.

Game seed: 11119883797573259812

42 qw the Shooter (level 3, 0/20 HPs)
             Began as a Deep Elf Hunter on Feb 2, 2024.
             Slain by a hobgoblin (3 damage)
             ... on level 2 of the Dungeon.
             The game lasted 00:00:05 (1558 turns).

qw the Shooter (Deep Elf Hunter)                    Turns: 1558, Time: 00:00:05

Health: 0/20       AC:  4    Str: 10    XL:     3   Next: 35%
Magic:  5/5        EV: 12    Int: 13    God:
Gold:   58         SH:  0    Dex: 18    Spells: 2/2 levels left

rFire   . . .        a - +0 shortbow (chaos)
rCold   . . .        (shield currently unavailable)
rNeg    . . .        c - +0 leather armour
rPois   .            (no helmet)
rElec   .            (no cloak)
rCorr   .            g - +0 pair of gloves
SInv    .            (no boots)
Will    .....        (no amulet)
Stlth   +            (no ring)
HPRegen 0.23/turn    (no ring)
MPRegen 0.09/turn

%: no passive effects
@: on fire, glowing
A: no striking features
a: no special abilities


You were on level 2 of the Dungeon.
You visited 1 branch of the dungeon, and saw 3 of its levels.

You collected 58 gold pieces.


   Skills:
 - Level 1.5 Fighting
 + Level 6.9 Ranged Weapons
 - Level 2.4 Dodging
 - Level 1.2 Stealth


You had 2 spell levels left.
You didn't know any spells.
Your spell library was empty.

Inventory:

Hand Weapons
 a - a +0 shortbow of chaos (weapon)
Armour
 c - a +0 leather armour (worn)
 g - a +0 pair of gloves (worn)
Potions
 d - a potion of haste
 h - a potion of curing
 i - a potion of heal wounds

Dungeon Overview and Level Annotations

Branches:
Dungeon (3/15)

Altars:


Message History

a - a +0 shortbow of chaos (weapon)
Done exploring.
1520 ||| DROPPING potion of berserk rage.
You drop a potion of berserk rage.
Done exploring.
What level of the Dungeon? (default 2, ? - help)
There is a stone staircase leading up here.
There is a stone staircase leading down here.
You climb downwards.
Found 6 poisoned darts.
There is a stone staircase leading up here.
A bombardier beetle is nearby!
Waypoint 2 assigned to D:3.
You shoot an arrow. The arrow hits the bombardier beetle.
The bombardier beetle is moderately wounded.
You shoot an arrow. The arrow hits the bombardier beetle.
The bombardier beetle seems to slow down.
The bombardier beetle is heavily wounded.
A hobgoblin comes into view.
The bombardier beetle sprays incendiary fluid at you.
The burning spray hits you.
You are covered in liquid fire!
The hobgoblin shouts!
You shoot an arrow. The arrow hits the hobgoblin.
The arrow freezes the hobgoblin.
The hobgoblin is severely wounded.
The liquid fire burns you!
1556 ||| STAIRDANCE The liquid fire burns you!
The hobgoblin hits you but does no damage.
You shake off some of the fire as you move.
You climb upwards.
The liquid fire burns you!
There is a stone staircase leading down here.
You shoot an arrow.
The arrow hits the hobgoblin but does no damage.
The hobgoblin is heavily wounded.
The liquid fire burns you! The hobgoblin hits you.
You die...

.(........# #..#.#'#.###..
..####.##.# #..#.#.#.# #.. ..#
#.##.# #..#...#.# #.. ..# #.##.#
####..#####.####. ..# #.##.#
#................ ..####.##.#
#.##.......<#....
........#'#######.........#####.#
.#####............#.#.###.# #...
.# #..........@.#.#.# #.# #..# .#
#..........g.#.#.# #.# #..# .#
##............#.#####.# #..#
#####...................#.# #..#
......##....>....##.###.#.# #..#
####..................#.#.# #..#
#...##########...#.#.#.# #..#
####...########.#...#.#.#.# #..#
................#..>#.#.#.# #..#


You could see a hobgoblin.

Vanquished Creatures
  A ribbon worm (D:2)
  3 ball pythons
  4 bats
  An endoplasm (D:1)
  5 giant cockroaches
  3 goblins
  5 hobgoblins
  2 jackals (D:2)
  2 quokkas
  2 frilled lizards
  4 kobolds (D:1)
  3 rats
35 creatures vanquished.

Notes
Turn   | Place    | Note
-------+----------+-------------------------------------------
     0 | D:1      | qw the Deep Elf Hunter began the quest for the Orb.
     0 | D:1      | Reached XP level 1. HP: 12/12 MP: 3/3
     0 | D:1      | 0 ||| qw: Version: 0.3-a-155-g5e7d8dd
     0 | D:1      | 0 ||| qw: Game counter: 1289
     0 | D:1      | 0 ||| qw: Melee chars always use a shield: true
     0 | D:1      | 0 ||| qw: God list: Okawaru
     0 | D:1      | 0 ||| qw: Allow faded altars: false
     0 | D:1      | 0 ||| qw: Do Orc after clearing Dungeon:15 true
     0 | D:1      | 0 ||| qw: Do second Lair branch before Depths: true
     0 | D:1      | 0 ||| qw: Lair rune preference: random
     0 | D:1      | 0 ||| qw: Goals: Normal
     0 | D:1      | 0 ||| PLANNING D:1-11
    59 | D:1      | Reached skill level 6 in Ranged Weapons
    59 | D:1      | Reached XP level 2. HP: 16/16 MP: 4/4
   523 | D:1      | 523 ||| DROPPING amulet of magic regeneration.
   524 | D:1      | 524 ||| READING scroll labelled NIUMARPH LATTUM.
   525 | D:1      | 525 ||| READING scroll labelled AMNUPN POOTZ.
   526 | D:1      | 526 ||| READING scroll labelled BINUIN EQISHU.
   530 | D:1      | 530 ||| READING scroll labelled QUTUOCRO HUDU.
   530 | D:1      | 530 ||| IDENTIFYING puce potion
   531 | D:1      | 531 ||| DRINKING 3 bubbling grey potions.
   532 | D:1      | 532 ||| DROPPING scroll of butterflies.
   533 | D:1      | 533 ||| DROPPING 2 potions of invisibility.
   544 | D:2      | 544 ||| STAIRDANCE
   548 | D:2      | 548 ||| STAIRDANCE
   552 | D:2      | 552 ||| STAIRDANCE
   677 | D:2      | Reached XP level 3. HP: 20/20 MP: 5/5
   717 | D:2      | Found a faded altar of an unknown god.
  1410 | D:2      | 1410 ||| UPGRADING to +0 pair of gloves.
  1415 | D:2      | 1415 ||| READING 3 scrolls of identify.
  1415 | D:2      | 1415 ||| IDENTIFYING clear potion
  1416 | D:2      | 1416 ||| READING 2 scrolls of identify.
  1416 | D:2      | 1416 ||| IDENTIFYING brown potion
  1417 | D:2      | 1417 ||| READING scroll of identify.
  1417 | D:2      | 1417 ||| IDENTIFYING fuming silvery potion
  1418 | D:2      | 1418 ||| READING scroll labelled CUECLA ZADOETT.
  1519 | D:2      | 1519 ||| READING scroll labelled YNEGAJ SAUQAQ.
  1519 | D:2      | 1519 ||| BRANDING +0 shortbow.
  1520 | D:2      | 1520 ||| DROPPING potion of berserk rage.
  1556 | D:3      | 1556 ||| STAIRDANCE
  1558 | D:2      | HP: 2/20 [burnt (8)]
  1558 | D:2      | Slain by a hobgoblin

Levels and vault maps discovered:
D:1:      eino_arrival_tree_alley, layout_rooms, serial_curves, eino_curves_02,
          eino_curves_01
D:2:      layout_basic, hellmonk_ecumenical_altar_pennies_from_heaven
D:3:      layout_loops_ring

Skill      XL: |  1 |
---------------+----+-----
Ranged Weapons | 6 |  6.9
Fighting       | |  1.5
Dodging        | |  2.4
Stealth        | |  1.2

Action                     || total
---------------------------++-------
   Fire: Shortbow          ||   104
    Use: Scroll            ||     9
         Potion            ||     1
 Armour: Leather armour    ||    25
  Dodge: Dodged            ||    22

Table legend:
 A = Non-vault XP
 B = Vault XP
 C = Vault XP percentage of total XP
 D = Non-vault monster count
 E = Vault monster count
 F = Vault count percentage of total count
                 A         B        C        D         E       F
            +---------+---------+-------+---------+---------+-------
      Total |      61 |       0 |   0.0 |      35 |       0 |   0.0
            +---------+---------+-------+---------+---------+-------
        D:1 |      34 |       0 |   0.0 |      20 |       0 |   0.0
        D:2 |      27 |       0 |   0.0 |      15 |       0 |   0.0
            +---------+---------+-------+---------+---------+-------
